General information
- name: BNet
- type: Ladder team game (AT/RT)
- host: Battle.net
- saver: uKNoWiMGooD
map: TwistedMeadows
- players: 4
- length: 17:05
- speed: Fast
- version: 1.24 W3XP
- replay type: Public
» download(70 KB)
Players
team 1 (loser)
HesALiar (
orange | 42 APM | 718 actions | 17:04)
3 Blademaster
2 Wind Walk
1 Critical Strike
1 Shadow Hunter
1 Healing Wave
» actions
| Assign group hotkey | 5 | |
| Basic commands | 3 | |
| Build / train | 36 | |
| Enter build submenu | 22 | |
| Enter hero's abilities submenu | 4 | |
| Right click | 373 | |
| Select / deselect | 222 | |
| Use ability | 53 | |
718 total
» units
» upgrades
| Melee Weapons | 1 | |
| Armor | 2 | |
| Pulverize | 1 | |
4 total
» buildings
| Altar of Storms | 1 | |
| Orc Burrow | 7 | |
| Voodoo Lounge | 1 | |
| Stronghold | 1 | |
| War Mill | 1 | |
| Fortress | 1 | |
| Watch Tower | 6 | |
| Tauren Totem | 2 | |
| Great Hall | 1 | |
21 total
» build order
00:06 Altar of Storms
00:13 Orc Burrow
00:43 Voodoo Lounge
02:25 Stronghold
03:15 War Mill
03:20 Orc Burrow
03:28 Orc Burrow
03:35 Orc Burrow
04:50 Fortress
05:00 Watch Tower
05:05 Watch Tower
05:16 Orc Burrow
06:34 Watch Tower
06:39 Watch Tower
07:15 Tauren Totem
07:58 Tauren Totem
10:29 Orc Burrow
10:33 Watch Tower
10:41 Watch Tower
14:56 Orc Burrow
15:30 Great Hall
» items
| Healing Salve | 1 | |
| Lesser Clarity Potion | 3 | |
| Scroll of Speed | 2 | |
| Potion of Healing | 3 | |
| Potion of Mana | 1 | |
10 total
MyPartnerSucks (
purple | 67 APM | 991 actions | 14:54)
3 Archmage
1 Summon Water Elemental
2 Brilliance Aura
» actions
| Assign group hotkey | 35 | |
| Basic commands | 92 | |
| Build / train | 37 | |
| Enter build submenu | 17 | |
| Enter hero's abilities submenu | 3 | |
| Remove unit from queue | 1 | |
| Right click | 297 | |
| Select / deselect | 144 | |
| Select group hotkey | 313 | |
| Use ability | 52 | |
991 total
» units
» upgrades
» buildings
| Altar of Kings | 1 | |
| Farm | 6 | |
| Blacksmith | 1 | |
| Barracks | 1 | |
| Lumber Mill | 1 | |
| Arcane Vault | 1 | |
| Keep | 1 | |
| Town Hall | 1 | |
| Scout Tower | 4 | |
| Guard Tower | 3 | |
20 total
» build order
00:09 Altar of Kings
00:13 Farm
00:53 Blacksmith
01:24 Barracks
01:35 Farm
01:49 Lumber Mill
02:04 Arcane Vault
02:16 Farm
03:00 Farm
03:48 Farm
04:26 Keep
05:43 Farm
06:41 Town Hall
07:50 Scout Tower
07:53 Scout Tower
08:41 Guard Tower
08:42 Guard Tower
08:46 Scout Tower
09:04 Scout Tower
09:22 Guard Tower
» items
| Lesser Clarity Potion | 2 | |
| Potion of Mana | 1 | |
3 total
team 2 (winner)
ORC-BASH-73 (
blue | 112 APM | 1920 actions | 17:04)
5 Death Knight
3 Death Coil
2 Unholy Aura
2 Lich
2 Frost Nova
» actions
| Assign group hotkey | 35 | |
| Basic commands | 74 | |
| Build / train | 46 | |
| Enter build submenu | 17 | |
| Enter hero's abilities submenu | 7 | |
| Right click | 715 | |
| Select / deselect | 201 | |
| Select group hotkey | 759 | |
| Use ability | 66 | |
1920 total
» units
| Acolyte | 2 | |
| Ghoul | 2 | |
| Crypt Fiend | 10 | |
| Frost Wyrm | 7 | |
21 total
» upgrades
| Burrow | 1 | |
| Web | 1 | |
| Creature Attack | 2 | |
| Creature Carapace | 2 | |
| Freezing Breath | 1 | |
7 total
» buildings
| Graveyard | 1 | |
| Crypt | 1 | |
| Ziggurat | 9 | |
| Altar of Darkness | 1 | |
| Tomb of Relics | 1 | |
| Nerubian Tower | 1 | |
| Halls of the Dead | 2 | |
| Black Citadel | 1 | |
| Sacrificial Pit | 1 | |
| Boneyard | 2 | |
20 total
» build order
00:07 Graveyard
00:10 Crypt
00:20 Ziggurat
00:42 Altar of Darkness
01:08 Ziggurat
01:38 Tomb of Relics
01:46 Nerubian Tower
03:29 Halls of the Dead
04:09 Ziggurat
05:31 Ziggurat
06:26 Black Citadel
07:53 Sacrificial Pit
09:18 Boneyard
09:20 Boneyard
10:06 Ziggurat
10:07 Ziggurat
10:10 Ziggurat
11:00 Ziggurat
12:42 Ziggurat
» items
| Dust of Appearance | 1 | |
| Rod of Necromancy | 1 | |
2 total
uKNoWiMGooD (
teal | 86 APM | 1471 actions | 17:05)
4 Priestess of the Moon
2 Searing Arrows
2 Trueshot Aura
» actions
| Assign group hotkey | 172 | |
| Basic commands | 284 | |
| Build / train | 62 | |
| Enter build submenu | 10 | |
| Enter hero's abilities submenu | 5 | |
| Right click | 493 | |
| Select / deselect | 269 | |
| Select group hotkey | 97 | |
| Use ability | 79 | |
1471 total
» units
» upgrades
| Strength of the Moon | 1 | |
| Moon Armor | 2 | |
3 total
» buildings
| Altar of Elders | 1 | |
| Moon Well | 4 | |
| Hunter's Hall | 1 | |
| Ancient of War | 3 | |
9 total
» build order
00:05 Altar of Elders
00:07 Moon Well
01:27 Hunter's Hall
02:16 Ancient of War
02:20 Ancient of War
02:23 Ancient of War
02:38 Moon Well
04:45 Moon Well
05:23 Moon Well
Chat log
(00:15 / Allies) ORC-BASH-73: thye gold hacking
(00:16 / Allies) ORC-BASH-73: ?
(00:18 / Allies) uKNoWiMGooD: na
(01:15 / Allies) uKNoWiMGooD: they look
(01:16 / Allies) uKNoWiMGooD: good
(01:30 / Allies) uKNoWiMGooD: atleast
(01:32 / Allies) uKNoWiMGooD: the orc does
(01:43 / Allies) ORC-BASH-73: wheres orc
(01:49 / Allies) uKNoWiMGooD: nvm he bad
(01:50 / Allies) uKNoWiMGooD: O_O
(01:53 / Allies) ORC-BASH-73: can u see hero?
(01:54 / Allies) uKNoWiMGooD: but yea
(01:55 / Allies) uKNoWiMGooD: frost
(01:58 / Allies) uKNoWiMGooD: bm
(01:59 / Allies) uKNoWiMGooD: am
(02:09 / Allies) ORC-BASH-73: i mean tower
(02:11 / Allies) ORC-BASH-73: not worms
(02:14 / Allies) uKNoWiMGooD: oh
(02:15 / Allies) uKNoWiMGooD: LOL
(02:23 / Allies) ORC-BASH-73: noob
(03:21 / Allies) ORC-BASH-73: bm coming to me?
(03:24 / Allies) uKNoWiMGooD: no me
(03:34 / Allies) ORC-BASH-73: his shits weak
(03:38 / Allies) ORC-BASH-73: unless he had potas
(03:44 / Allies) uKNoWiMGooD: he
(03:44 / Allies) uKNoWiMGooD: does
(04:43 / Allies) ORC-BASH-73: 50 50 me
(04:44 / Allies) ORC-BASH-73: k?
(04:46 / Allies) uKNoWiMGooD: k
(04:48 / Allies) ORC-BASH-73: ur late tech
(04:52 / Allies) ORC-BASH-73: so just feed
(04:55 / Allies) uKNoWiMGooD: hit
(04:56 / Allies) uKNoWiMGooD: ow
(04:58 / Allies) uKNoWiMGooD: he has
(04:59 / Allies) uKNoWiMGooD: 0 units
(05:09 / Allies) uKNoWiMGooD: no towers
(05:11 / Allies) uKNoWiMGooD: two
(05:12 / Allies) uKNoWiMGooD: going up
(05:14 / Allies) uKNoWiMGooD: he just started
(06:29 / Allies) uKNoWiMGooD: hes
(06:31 / Allies) uKNoWiMGooD: going
(06:31 / Allies) uKNoWiMGooD: t3
(06:33 / Allies) uKNoWiMGooD: straight..
(06:46 / All) ORC-BASH-73: who
(06:47 / Allies) uKNoWiMGooD: orc
(07:16 / Allies) ORC-BASH-73: b up
(08:53 / Allies) uKNoWiMGooD: nova
(08:54 / Allies) uKNoWiMGooD: coil
(09:18 / All) uKNoWiMGooD: gg
(09:29 / Allies) uKNoWiMGooD: get
(09:30 / Allies) uKNoWiMGooD: frosties
(09:32 / Allies) uKNoWiMGooD: the worms
(09:42 / Allies) ORC-BASH-73: whats oj have
(09:46 / Allies) uKNoWiMGooD: taur
(09:50 / Allies) uKNoWiMGooD: .en
(09:58 / All) MyPartnerSucks: way to mass kids
(10:03 / All) uKNoWiMGooD: way to suck
(10:11 / Allies) uKNoWiMGooD: 0-0
(10:11 / Allies) uKNoWiMGooD: fiends
(10:12 / Allies) uKNoWiMGooD: O_O
(10:43 / All) uKNoWiMGooD: cant beat mass with
(10:46 / All) uKNoWiMGooD: hu/orc
(10:47 / All) uKNoWiMGooD: sad
(10:51 / Allies) uKNoWiMGooD: expo
(11:04 / Allies) ORC-BASH-73: feed pl
(11:22 / All) ORC-BASH-73: wow
(11:25 / All) ORC-BASH-73: u try to expo
(11:27 / All) ORC-BASH-73: lmo
(11:29 / All) ORC-BASH-73: lmao
(11:40 / All) ORC-BASH-73: how bad r u guys
(11:49 / All) ORC-BASH-73: n ur prolly trying to build 1 back in ur base
(11:51 / All) ORC-BASH-73: brt
(11:55 / Allies) ORC-BASH-73: is he?
(11:55 / Allies) uKNoWiMGooD: nope
(12:02 / Allies) ORC-BASH-73: k
(12:04 / Allies) uKNoWiMGooD: towers
(12:10 / All) MyPartnerSucks: if u were born in 73 and u are still playing video games u really need to evaluate ur life
(12:11 / Allies) uKNoWiMGooD: weekside
(12:22 / All) ORC-BASH-73: try 91
(12:43 / All) MyPartnerSucks: isnt it past ur bed time
(12:53 / Allies) uKNoWiMGooD: ROFL
(13:55 / All) uKNoWiMGooD: ur right
(13:58 / All) uKNoWiMGooD: ur partner does suc
(14:01 / All) uKNoWiMGooD: k
(14:11 / Allies) uKNoWiMGooD: hey
(14:11 / Allies) uKNoWiMGooD: hey
(15:55 / Allies) uKNoWiMGooD: sec
(15:55 / Allies) uKNoWiMGooD: brb
(16:53 / Allies) ORC-BASH-73: do u have apm checker
(16:56 / Allies) uKNoWiMGooD: nope
(16:59 / Allies) uKNoWiMGooD: i have a secret
(17:00 / Allies) uKNoWiMGooD: website
(17:02 / Allies) uKNoWiMGooD: i can post on